 Dungeon Crawl Stone Soup version 0.27-a0-1200-g94dc6ad4cf (webtiles) character file.

Game seed: 13451341962464777084

847 polve the Carver (level 7, -3/52 HPs)
             Began as a Demonspawn Berserker on May 31, 2021.
             Was a Believer of Trog.
             Slain by a gnoll
             ... wielding a +0 halberd
              (10 damage)
             ... on level 4 of the Dungeon.
             The game lasted 00:02:18 (4453 turns).

polve the Carver (Demonspawn Berserker)             Turns: 4453, Time: 00:02:18

Health: -3/52      AC: 11    Str: 20    XL:     7   Next: 68%
Magic:  7/7        EV:  8    Int:  8    God:    Trog [**....]
Gold:   163        SH:  4    Dex: 12    Spells: 6/6 levels left

rFire    + . .     SeeInvis .   a - +0 falchion
rCold    + . .     Faith    .   (no shield)
rNeg     . . .     Spirit   .   i - +0 chain mail
rPois    +         Reflect  .   j - +0 helmet
rElec    +         Harm     .   (no cloak)
rCorr    +         Rampage  .   (no gloves)
Will     .....                  (no boots)
Stlth    ..........             (no amulet)
HPRegen  0.17/turn              (no ring)
MPRegen  0.10/turn              (no ring)

@: brilliant, resistant, on berserk cooldown, slowed, very slow
A: yellow scales 1, foul stench 2, condensation shield
a: Renounce Religion, Berserk, Trog's Hand


You were on level 4 of the Dungeon.
You worshipped Trog.
Trog was pleased with you.
You visited 1 branch of the dungeon, and saw 4 of its levels.

You collected 163 gold pieces.

Inventory:

Hand Weapons
 a - a +0 falchion (weapon)
Armour
 b - a +0 animal skin
 i - a +0 chain mail (worn)
 j - a +0 helmet (worn)
Wands
 u - a wand of polymorph (10)
Scrolls
 c - a scroll of blinking {unknown}
 e - 3 scrolls of identify {unknown}
 f - a scroll of noise {unknown}
 g - a scroll of magic mapping {unknown}
 h - 3 scrolls of enchant armour {unknown}
 k - a scroll of amnesia {unknown}
 l - 2 scrolls of enchant weapon {unknown}
 m - 2 scrolls of fog {unknown}
 n - a scroll of fear {unknown}
 r - 2 scrolls of immolation {unknown}
 v - a scroll of brand weapon {unknown}
Potions
 o - 2 potions of invisibility {unknown}
 p - 2 potions of brilliance
 q - a potion of magic {unknown}
 s - a potion of heal wounds {unknown}
 t - a potion of curing {unknown}


   Skills:
 - Level 3.0 Fighting
 + Level 8.5 Long Blades
 - Level 1.7 Armour
 - Level 1.7 Dodging


You had 6 spell levels left.
You didn't know any spells.
Your spell library was empty.

Dungeon Overview and Level Annotations

Branches:
Dungeon (4/15)             Temple (0/1) D:4

Altars:


Innate Abilities, Weirdness & Mutations

You are partially covered in yellow scales. (AC +2)
You sometimes emit foul miasma when damaged in melee.
A meltable shield of frost defends you. (SH +4)


Message History

The ogre hits you with a +0 giant club!
You hit the ogre.
You kill the ogre!
Trog accepts your kill.
The gnoll shaman calls upon its god to speed up the gnoll.
The gnoll seems to speed up.
The gnoll barely misses you.
The gnoll shaman hits you but does no damage.
The gnoll hits you from afar with a +0 halberd.
The gnoll shaman hits you with a +0 club.
You emit a cloud of foul miasma!
Things that are here:
a +0 giant club; an ogre corpse You completely miss the gnoll shaman.
The gnoll barely misses you.
The gnoll hits you from afar with a +0 halberd.
The gnoll shaman is engulfed in dark miasma.
The gnoll shaman is poisoned.
The gnoll shaman barely misses you.
You hit the gnoll shaman.
The gnoll shaman is severely wounded.
The gnoll hits you but does no damage.
The gnoll shaman is engulfed in dark miasma.
The gnoll shaman looks even sicker.
You kill the gnoll shaman!
Trog accepts your kill. The gnoll hits you but does no damage.
Things that are here:
a +0 spear; a gnoll corpse The gnoll hits you from afar with a +0 halberd!
* * * LOW HITPOINT WARNING * * *
It was a potion of resistance.
You feel protected.
The gnoll hits you from afar with a +0 halberd.
* * * LOW HITPOINT WARNING * * *
You block the gnoll's attack.
It was a potion of brilliance.
You feel clever all of a sudden.
The gnoll hits you from afar with a +0 halberd.
* * * LOW HITPOINT WARNING * * *
The gnoll hits you from afar with a +0 halberd!
You die...

.#
.........#.#..#..#
.# ##.##....#.# .#
.# #.# #.##....#.#
.. .# #.#
#.##....#)# #. .#
#.# #.##....#)# #
.# #.# #.#.....#)#
.# #.# #.#...#(#g#
## #.# #.#...#.#.#
####.###.#)).#.#@##
........))...#....#
#####.##.#...#.##.#
#.<#............
######<..####.###
#...... .. #.#..##.
.# #.##.# #.# #. .#


You could see a gnoll (fast).

Vanquished Creatures
  Menkaure (D:4)
  Duvessa (D:4)
  2 ogres (D:4)
  A bullfrog (D:4)
  Dowan (D:4)
  A hound (D:4)
  A gnoll shaman (D:4)
  2 orc priests (D:4)
  Natasha (thrice) (D:4)
  2 hound skeletons
  5 adders
  A gnoll (D:4)
  An ufetubus (D:4)
  A worm (D:2)
  2 dart slugs
  3 orcs (D:4)
  4 endoplasms
  2 giant cockroaches (D:1)
  8 goblins
  5 hobgoblins
  2 jackals (D:1)
  3 quokkas
  2 ball pythons
  5 bats
  2 frilled lizards (D:1)
  3 kobolds
  2 rats
66 creatures vanquished.

Notes
Turn   | Place    | Note
-------+----------+-------------------------------------------
     0 | D:1      | polve the Demonspawn Berserker began the quest for the Orb.
     0 | D:1      | Reached XP level 1. HP: 18/18 MP: 1/1
    67 | D:1      | Reached skill level 3 in Long Blades
   421 | D:1      | Gained mutation: You may rarely emit foul miasma when
                  | damaged in melee. [demonic ancestry]
   421 | D:1      | Reached XP level 2. HP: 24/24 MP: 2/2
   490 | D:1      | Found a faded altar of an unknown god.
  1001 | D:1      | Gained mutation: You sometimes emit foul miasma when
                  | damaged in melee. [demonic ancestry]
  1001 | D:1      | Reached XP level 3. HP: 29/29 MP: 3/3
  1251 | D:2      | Reached ** piety under Trog
  1252 | D:2      | Reached skill level 4 in Long Blades
  2457 | D:3      | Reached XP level 4. HP: 28/35 MP: 4/4
  2838 | D:4      | Found a staircase to the Ecumenical Temple.
  2906 | D:4      | Noticed Menkaure
  2914 | D:4      | Killed Menkaure
  2915 | D:4      | Reached skill level 5 in Long Blades
  2915 | D:4      | Gained mutation: A meltable shield of frost defends you.
                  | (SH +4) [demonic ancestry]
  2915 | D:4      | Reached XP level 5. HP: 8/41 MP: 5/5
  3203 | D:4      | Reached skill level 6 in Long Blades
  3203 | D:4      | Gained mutation: You are partially covered in yellow
                  | scales. (AC +2) [demonic ancestry]
  3203 | D:4      | Reached XP level 6. HP: 28/47 MP: 6/6
  3453 | D:4      | Noticed Natasha
  3466 | D:4      | Killed Natasha
  3698 | D:4      | Reached skill level 7 in Long Blades
  3760 | D:4      | Noticed Natasha
  3767 | D:4      | Killed Natasha
  3835 | D:4      | Noticed Dowan
  3836 | D:4      | Noticed Duvessa
  3847 | D:4      | Killed Duvessa
  3848 | D:4      | Reached XP level 7. HP: 46/52 MP: 7/7
  3848 | D:4      | Noticed Natasha
  3851 | D:4      | Killed Dowan
  3857 | D:4      | Killed Natasha
  4190 | D:4      | Reached skill level 8 in Long Blades
  4453 | D:4      | Slain by a gnoll

Illustrated notes

Levels and vault maps discovered:
D:1:      co_arrival_square_in_a_square_in_a_square, layout_basic,
          hellmonk_ecumenical_altar_crossroads, minmay_unequal
D:2:      layout_basic, minmay_pentomino_p2
D:3:      layout_rooms, kennysheep_generic_room_5
D:4:      layout_basic, minmay_temple_entry_waves, serial_glass,
          glass_columns_b, glass_columns_a, minmay_strange_pillars,
          minmay_strange_pillars, uniq_natasha, uniq_menkaure, uniq_duvessa,
          uniq_crazy_yiuf_cottage

Skill      XL: |  1  2  3  4  5  6  7 |
---------------+----------------------+-----
Long Blades    | 3 4 5 6 7 8 |  8.5
Fighting       | |  3.0
Armour         | |  1.7
Dodging        | |  1.7

Action                   |  1- 3 |  4- 6 |  7- 9 || total
-------------------------+-------+-------+-------++-------
Melee: Falchion          |    80 |   104 |    38 ||   222
Invok: Berserk           |     1 |     3 |     2 ||     6
  Use: Potion            |       |       |     2 ||     2
Armor: Animal skin       |    17 |       |       ||    17
       Chain mail        |    12 |    52 |    12 ||    76
Dodge: Dodged            |    70 |    37 |     8 ||   115
Block: Other             |       |     7 |     4 ||    11
       Rpst.: Falchion   |    28 |    12 |     1 ||    41

Table legend: (Time is in decaauts)
 A = Elapsed time spent in this place.
 B = Non-inter-level travel time spent in this place.
 C = Inter-level travel time spent in this place.
 D = Time resting spent in this place.
 E = Time spent auto-exploring this place.
 F = Levels seen in this place.
 G = Mean time per level.
                   A        B        C        D        E       F      G
               +--------+--------+--------+--------+--------+-----+--------+
         Total |   4495 |   4276 |    219 |    116 |   3738 |   4 | 1123.8 |
       Dungeon |   4495 |   4276 |    219 |    116 |   3738 |   4 | 1123.8 |
               +--------+--------+--------+--------+--------+-----+--------+

Top non-repeatable levels by time:
     D:4: 1728 daAuts
     D:2: 1118 daAuts
     D:1: 1104 daAuts
     D:3: 544 daAuts
